 Dungeon Crawl Stone Soup version 0.31-a0-963-ga325b22 (webtiles) character file.

Game seed: 13505470791217794666

259 skewfiend the Shooter (level 5, -33/47 HPs)
             Began as a Minotaur Hunter on Oct 25, 2023.
             Killed by an exploding orc wizard (40 damage)
             ... ignited by their inner flame
             ... on level 4 of the Dungeon.
             The game lasted 00:07:11 (2312 turns).

skewfiend the Shooter (Minotaur Hunter)             Turns: 2312, Time: 00:07:12

Health: -33/47     AC:  5    Str: 16    XL:     5   Next: 95%
Magic:  4/4        EV: 11    Int:  6    God:
Gold:   60         SH:  0    Dex: 15    Spells: 4/4 levels left

rFire   . . .        a - +0 shortbow
rCold   . . .        (shield currently unavailable)
rNeg    . . .        p - +0 ring mail
rPois   .            (helmet restricted)
rElec   .            (no cloak)
rCorr   .            (no gloves)
SInv    .            (no boots)
Will    +....        (no amulet)
Stlth   +            n - +4 ring of slaying
HPRegen 0.27/turn    (no ring)
MPRegen 0.09/turn

%: no passive effects
@: brilliant, enlightened, flying
A: horns 2, retaliatory headbutt
a: no special abilities


You were on level 4 of the Dungeon.
You visited 1 branch of the dungeon, and saw 4 of its levels.

You collected 60 gold pieces.

Inventory:

Hand Weapons
 a - a +0 shortbow (weapon)
Missiles
 g - 15 stones
Armour
 c - a +0 leather armour
 p - a +0 ring mail (worn)
Jewellery
 n - a +4 ring of slaying (left hand)
Scrolls
 b - a scroll of butterflies
 e - a scroll of identify
 h - a scroll of silence {unknown}
 l - a scroll of vulnerability {unknown}
 m - a scroll of teleportation {unknown}
 o - a scroll of immolation
 s - 2 scrolls of noise
 t - a scroll of acquirement {unknown}
 u - a scroll of brand weapon
 w - a scroll of amnesia {unknown}
Potions
 d - a potion of curing
 i - a potion of might {unknown}
 j - a potion of lignification {unknown}
 k - a potion of degeneration {unknown}
 q - a potion of enlightenment
 r - a potion of cancellation {unknown}
 v - a potion of brilliance


   Skills:
 + Level 4.7 Fighting
 * Level 7.0 Ranged Weapons
 - Level 2.1 Dodging
 - Level 0.7 Stealth


You had 4 spell levels left.
You didn't know any spells.
Your spell library contained the following spells:

 Spells                   Type           Power      Damage    Failure   Level
 Magic Dart               Conj           0%         1d3       67%         1
 Call Imp                 Summ           0%         N/A       82%         2
 Mephitic Cloud           Conj/Pois/Air  0%         N/A       96%         3


Dungeon Overview and Level Annotations

Branches:
Dungeon (4/15)
 Temple: D:4-7

Altars:
Xom

Shops:
D:4 [


Innate Abilities, Weirdness & Mutations

You have a pair of horns on your head.
You reflexively headbutt those who attack you in melee.


Message History

The orc hits you but does no damage. The quokka bites you.
Unknown command.
The white imp gestures at you. The puff of frost hits you!
* * * LOW HITPOINT WARNING * * *
An orc comes into view. It is wielding a +0 club.
The orc wizard gestures wildly while chanting.
The orc wizard flickers and vanishes!
Deactivating autopickup; reactivate with Ctrl-A.
The orc attacks as it pursues you! The orc hits you with a +0 mace.
* * * LOW HITPOINT WARNING * * *
Unknown command.
Okay, then.
It was a potion of enlightenment.
You feel very buoyant.
You fly up into the air.
A gnoll comes into view. It is wielding a +0 whip.
The orc hits you but does no damage.
It was a potion of curing.
You feel better.
You hear some strange, mumbled words.
A puff of flame appears from out of thin air!
The puff of flame misses you.
It was a potion of brilliance.
You feel clever all of a sudden.
Okay, then.
As you read the scroll labelled VAIMIMN LEEW, it crumbles to dust.
Your body is wracked with pain!
* * * LOW HITPOINT WARNING * * *
Something is bathed in an unholy light!
Flame seeps out of something.
The orc convulses!
Flame seeps out of the orc.
The orc convulses!
The hobgoblin convulses!
Flame seeps out of the hobgoblin.
The orc convulses!
Flame seeps out of the orc.
The gnoll convulses! x2
It was a scroll of torment.
Reactivating autopickup.
You feel a bit more experienced.
The orc wizard explodes!
The fiery explosion engulfs the hobgoblin!!
The fiery explosion engulfs you!!!
Ouch! That really hurt!
You die...

#..#####.......#
#..........#...#
..............##
..#.......#.###
#>.....####
##........#####
.........)†..o##
..............o5##
...............#@#
#.##.......##.o#○§#
#.....).####.○o§#
.........# #...##
...###.o.# #..##
... ##.## ..g# S.
#.# ...g# #.. .....
..g


You could see 2 gnolls, a white imp (inner flame) and 3 orcs.

Vanquished Creatures
  A scorpion (D:4)
  2 orc wizards
  A sleepcap (D:3)
  3 adders
  5 gnolls
  A worm (D:3)
  A dart slug (D:4)
  7 orcs
  5 ball pythons
  6 bats
  5 endoplasms
  3 giant cockroaches
  3 goblins
  8 hobgoblins
  6 jackals (D:2)
  A quokka (D:3)
  2 frilled lizards (D:3)
  A kobold (D:2)
  3 rats
64 creatures vanquished.

Notes
Turn   | Place    | Note
-------+----------+-------------------------------------------
     0 | D:1      | skewfiend the Minotaur Hunter began the quest for the Orb.
     0 | D:1      | Reached XP level 1. HP: 18/18 MP: 0/0
   350 | D:1      | Reached XP level 2. HP: 25/25 MP: 1/1
   640 | D:2      | Reached skill level 5 in Ranged Weapons
   663 | D:2      | Reached XP level 3. HP: 29/31 MP: 2/2
   867 | D:2      | Reached XP level 4. HP: 23/39 MP: 3/3
  1126 | D:2      | Found a shimmering altar of Xom.
  1558 | D:3      | Reached skill level 6 in Ranged Weapons
  1570 | D:3      | Found Qople's Magic Scroll Shop.
  1595 | D:3      | Reached XP level 5. HP: 35/46 MP: 4/4
  2228 | D:4      | Found Acirab's Armour Shop.
  2296 | D:4      | Reached skill level 7 in Ranged Weapons
  2312 | D:4      | Killed by an exploding orc wizard... ignited by their inner
                  | flame

Illustrated notes

Levels and vault maps discovered:
D:1:      sevenhm_arrival_forest_fort_small_5, layout_basic
D:2:      kennysheep_big_flooded_room, layout_basic, basic_altar,
          grunt_decor_mini_mirrors
D:3:      layout_loops_ring, serial_shops, shop_scrolls,
          kennysheep_generic_room_12
D:4:      layout_cave_pools, temple_pool_b, nicolae_stop_n_shop_1,
          guppyfry_early_lair_pool, uniq_grinder

Skill      XL: |  1  2  3  4  5 |
---------------+----------------+-----
Fighting       | 3 4 |  4.7
Ranged Weapons | 5 6 7 |  7.0
Dodging        | |  2.1
Stealth        | |  0.7

Action                     |  1- 3 |  4- 6 || total
---------------------------+-------+-------++-------
   Fire: Shortbow          |    69 |    89 ||   158
    Use: Scroll            |       |     4 ||     4
         Potion            |       |     3 ||     3
 Armour: Leather armour    |    19 |     2 ||    21
         Ring mail         |       |    27 ||    27
  Dodge: Dodged            |    27 |    11 ||    38

Table legend: (Time is in decaauts)
 A = Elapsed time spent in this place.
 B = Non-inter-level travel time spent in this place.
 C = Inter-level travel time spent in this place.
 D = Time resting spent in this place.
 E = Time spent auto-exploring this place.
 F = Levels seen in this place.
 G = Mean time per level.
                   A        B        C        D        E       F      G
               +--------+--------+--------+--------+--------+-----+--------+
         Total |   2341 |   2254 |     87 |      0 |   1935 |   4 |  585.2 |
       Dungeon |   2341 |   2254 |     87 |      0 |   1935 |   4 |  585.2 |
               +--------+--------+--------+--------+--------+-----+--------+

Top non-repeatable levels by time:
     D:3: 887 daAuts
     D:2: 785 daAuts
     D:1: 580 daAuts
     D:4: 86 daAuts
